 Dungeon Crawl Stone Soup version 0.16.2-12-gd0ad4c3 (webtiles) character file.

8726 faibistes the Thaumaturge (level 11, -2/58 HPs)
             Began as a Deep Elf Wizard on Feb 18, 2019.
             Was the Champion of Sif Muna.
             Slain by a four-headed hydra (3 damage)
             ... on level 2 of the Lair of Beasts.
             The game lasted 00:33:12 (14283 turns).

faibistes the Thaumaturge (Deep Elf Wizard)        Turns: 14283, Time: 00:33:12

Health: -2/58      AC:  6    Str:  4    XL:     11   Next: 13%
Magic:  17/32      EV: 15    Int: 27    God:    Sif Muna [******]
Gold:   658        SH:  0    Dex: 13    Spells: 7 memorised, 14 levels left

rFire  . . .     SeeInvis +     H - staff of poison
rCold  . . .     Clarity  .     a - +0 robe
rNeg   . . .     SustAb   .     (no shield)
rPois  +         Gourm    .     b - +0 hat
rElec  .         Spirit   .     n - +1 cloak
rCorr  .         Warding  .     K - +1 pair of gloves
rMut   .         Stasis   .     (no boots)
MR     +....                    (no amulet)
Stlth  ++........               (no ring)
                                q - ring of see invisible

@: repel missiles, somewhat resistant to hostile enchantments, unstealthy
A: no striking features
a: Channel Energy, Forget Spell, Renounce Religion


You were on level 2 of the Lair of Beasts.
You worshipped Sif Muna.
Sif Muna was exalted by your worship.
You were not hungry.

You visited 3 branches of the dungeon, and saw 12 of its levels.

You collected 658 gold pieces.

Inventory:

Hand weapons
 j - a cursed +0 dagger
 v - a +1 dagger of protection
 F - a cursed +1 dagger of draining
Armour
 a - a +0 robe (worn)
 b - a +0 hat (worn)
 n - a +1 cloak (worn)
 K - a +1 pair of gloves (worn)
Magical staves
 H - an uncursed staff of poison (weapon)
Jewellery
 q - a ring of see invisible (left hand)
Magical devices
 r - a wand of draining (8)
 y - a wand of flame (35)
 E - a wand of flame (19)
Scrolls
 e - 8 scrolls of remove curse
 h - a scroll of brand weapon {unknown}
 i - a scroll of amnesia
 m - a scroll of fear
 s - 2 scrolls of teleportation
 w - 2 scrolls of magic mapping
 D - a scroll of recharging {unknown}
 I - a scroll of enchant weapon
Potions
 f - a potion of mutation {unknown}
 g - 3 potions of lignification
 k - 3 potions of might
 o - 2 potions of brilliance
 t - 7 potions of curing
 x - a potion of restore abilities {unknown}
 A - a potion of degeneration {unknown}
 B - 3 potions of cancellation
 C - 2 potions of poison {unknown}
 J - 2 potions of heal wounds
Books
 c - a book of Minor Magic

   Spells                             Type                      Level
   a - Magic Dart                     Conjuration                  1
   b - Blink                          Translocation                2
   c - Call Imp                       Summoning                    2
   d - Repel Missiles                 Charms/Air                   2
   e - Slow                           Hexes                        2
   f - Conjure Flame                  Conjuration/Fire             3
   g - Mephitic Cloud                 Conjuration/Poison/Air       3
 u - a book of Hinderance

   Spells                             Type                      Level
   a - Confusing Touch                Hexes                        2
   b - Confuse                        Hexes                        3
   c - Petrify                        Transmutation/Earth          4
   d - Metabolic Englaciation         Hexes/Ice                    5
   e - Gell's Gravitas                Hexes/Translocation          5
   f - Summon Mana Viper              Hexes/Summoning              5
 L - a book of Envenomations

   Spells                             Type                      Level
   a - Spider Form                    Transmutation/Poison         3
   b - Alistair's Intoxication        Transmutation/Poison         4
   c - Olgreb's Toxic Radiance        Poison                       4
   d - Poisonous Cloud                Conjuration/Poison/Air       6
Comestibles
 d - 3 bread rations
 l - 18 fruits
 p - 7 meat rations
 z - 2 slices of pizza
 G - a chunk of flesh


   Skills:
 + Level 2.3 Fighting
 + Level 6.8 Dodging
 - Level 2.4 Stealth
 * Level 10.8 Spellcasting
 + Level 7.0 Conjurations
 + Level 4.2 Charms
 - Level 1.1 Summonings
 + Level 4.4 Translocations
 - Level 3.7 Transmutations
 + Level 6.3 Fire Magic
 - Level 4.0 Air Magic
 * Level 4.1 Earth Magic
 - Level 3.5 Poison Magic
 * Level 6.2 Invocations
 + Level 3.2 Evocations


You had 14 spell levels left.
You knew the following spells:

 Your Spells              Type           Power        Failure   Level  Hunger
a - Magic Dart            Conj           ####         1%          1    None
b - Conjure Flame         Conj/Fire      ######..     1%          3    None
c - Call Imp              Summ           ###.....     4%          2    None
d - Blink                 Tloc           N/A          1%          2    None
e - Mephitic Cloud        Conj/Pois/Air  ######..     1%          3    None
f - Repel Missiles        Chrm/Air       #####.       1%          2    None
g - Petrify               Trmt/Erth      #####...     10%         4    None


Dungeon Overview and Level Annotations

Branches:
Dungeon (9/15)             Temple (1/1) D:7            Lair (2/8) D:8
    Orc: D:9-12

Altars:
Ashenzari
Cheibriados
Dithmenos
Elyvilon
Fedhas
Gozag
Kikubaaqudgha
Makhleb
Nemelex Xobeh
Okawaru
Qazlal
Ru
Sif Muna
Trog
Vehumet
Xom
Yredelemnul
Zin
The Shining One

Shops:
D:4 (


Message History

The four-headed hydra misses you.
The four-headed hydra bites you but does no damage.
You hit the four-headed hydra.
The four-headed hydra is heavily wounded.
The porcupine barely misses you.
The four-headed hydra is engulfed in roaring flames.
The four-headed hydra bites you. The four-headed hydra misses you.
The four-headed hydra bites you!
The four-headed hydra bites you but does no damage.
Casting: Magic Dart
Confirm with . or Enter, or press ? or * to list all spells.
You blink.
You are engulfed in roaring flames.
* * * LOW HITPOINT WARNING * * *
The four-headed hydra is engulfed in roaring flames.
The four-headed hydra completely misses you.
The four-headed hydra bites you but does no damage.
The four-headed hydra bites you.
* * * LOW HITPOINT WARNING * * *
The four-headed hydra bites you.
You die...

# ## .##.###
###....P###
#.........P
#.#####.....!...#
..$..r§.#.........P
#§@Dr........
####.........
###...!.. #P.### P
### ... .....
##..... ##.......
####...P.....


You could see a four-headed hydra, a porcupine and a river rat.

Vanquished Creatures
  Pikel (D:5)
  Maurice (D:8)
  Joseph (Lair:1)
  Psyche (D:8)
  Grinder (D:5)
  3 blink frogs (Lair:1)
  4 yaks (Lair:1)
  2 wraiths (D:8)
  2 wyverns (D:8)
  Grum (D:8)
  2 steam dragons (D:8)
  3 hippogriffs
  2 hungry ghosts
  A porcupine (Lair:1)
  4 wolves (D:8)
  2 orc warriors
  6 sky beasts
  3 ogres
  3 ice beasts
  Sigmund (D:5)
  Duvessa (D:6)
  A big kobold (D:5)
  4 giant frogs
  Blork the orc (D:6)
  A wyvern zombie (D:6)
  3 scorpions
  4 wights
  Dowan (D:6)
  6 crimson imps
  5 orc priests
  2 goliath beetles
  3 hounds
  3 electric eels (D:8)
  3 centaur zombies
  A giant frog zombie (D:7)
  6 human zombies (D:8)
  A jelly (D:7)
  A centaur skeleton (D:6)
  7 worker ants
  A human skeleton (D:8)
  8 orc wizards
  3 iguanas
  2 hound zombies
  A hound skeleton (D:4)
  2 mummies (D:8)
  7 gnolls
  A worker ant zombie (D:7)
  7 adders
  2 river rats (D:8)
  2 shadow imps
  4 worms
  5 giant mites
  2 adder zombies
  3 giant geckos
  2 oozes (D:3)
  34 orcs
  10 bats
  A bat skeleton (D:4)
  2 bat zombies (D:5)
  7 giant cockroaches
  8 goblins
  13 hobgoblins
  5 jackals
  7 quokkas
  A giant cockroach zombie (D:4)
  A giant gecko skeleton (D:4)
  9 giant newts
  A jackal zombie (D:8)
  18 kobolds
  13 rats
280 creatures vanquished.

Vanquished Creatures (collateral kills)
  A worker ant (D:3)
  2 orcs (D:4)
  A hobgoblin (D:3)
  2 jackals (D:2)
  A ball python (D:3)
7 creatures vanquished.

Vanquished Creatures (others)
  2 slaves (D:5)
  A hound (D:5)
  A bat (D:5)
  A goblin (D:5)
  8 fungi (D:8)
  2 plants (D:8)
15 creatures vanquished.

Grand Total: 302 creatures vanquished

Notes
Turn   | Place    | Note
--------------------------------------------------------------
     0 | D:1      | faibistes, the Deep Elf Wizard, began the quest for the Orb.
     0 | D:1      | Reached XP level 1. HP: 10/10 MP: 6/6
   440 | D:1      | Reached XP level 2. HP: 15/15 MP: 7/10
   469 | D:1      | Learned a level 2 spell: Blink
   472 | D:1      | Learned a level 2 spell: Call Imp
   742 | D:1      | Reached skill level 5 in Spellcasting
  1244 | D:2      | Reached XP level 3. HP: 19/19 MP: 11/14
  1249 | D:2      | Learned a level 3 spell: Conjure Flame
  1253 | D:2      | Learned a level 3 spell: Mephitic Cloud
  1566 | D:2      | Found a stormy altar of Qazlal.
  1566 | D:2      | Found a deep blue altar of Sif Muna.
  1570 | D:2      | Became a worshipper of Sif Muna the Loreminder
  1804 | D:2      | Learned a level 2 spell: Repel Missiles
  2070 | D:2      | Reached XP level 4. HP: 20/24 MP: 10/17
  2761 | D:3      | Reached skill level 6 in Spellcasting
  2761 | D:3      | Reached XP level 5. HP: 28/28 MP: 7/20
  2932 | D:3      | Found a white marble altar of Elyvilon.
  2953 | D:3      | Found a glowing golden altar of the Shining One.
  2954 | D:3      | Found a glowing silver altar of Zin.
  3269 | D:4      | Found Cotir's Weapon Emporium.
  3296 | D:3      | Found an ancient bone altar of Kikubaaqudgha.
  3297 | D:3      | Found a blossoming altar of Fedhas.
  3745 | D:5      | Entered Level 5 of the Dungeon
  3812 | D:4      | Reached XP level 6. HP: 32/32 MP: 4/22
  3924 | D:5      | Reached skill level 7 in Spellcasting
  4354 | D:4      | Found a radiant altar of Vehumet.
  4487 | D:4      | Acquired Sif Muna's first power
  4510 | D:4      | Found a snail-covered altar of Cheibriados.
  4514 | D:4      | Found a shimmering altar of Xom.
  4592 | D:4      | Found a sparkling altar of Nemelex Xobeh.
  5075 | D:5      | Reached skill level 1 in Fire Magic
  5142 | D:5      | Noticed an ice beast
  5157 | D:5      | Killed an ice beast
  5157 | D:5      | Reached skill level 1 in Air Magic
  5157 | D:5      | Reached XP level 7. HP: 33/36 MP: 13/25
  5233 | D:5      | Noticed a slave
  5234 | D:5      | Noticed Pikel
  5234 | D:5      | Noticed a slave
  5234 | D:5      | Noticed a slave
  5234 | D:5      | Noticed a slave
  5245 | D:5      | Killed Pikel
  5245 | D:5      | Acquired Sif Muna's second power
  5245 | D:5      | Reached skill level 5 in Dodging
  5245 | D:5      | Reached skill level 8 in Spellcasting
  5245 | D:5      | Reached skill level 1 in Poison Magic
  5245 | D:5      | Reached XP level 8. HP: 36/41 MP: 17/27
  5326 | D:5      | Noticed Sigmund
  5336 | D:5      | Killed Sigmund
  5336 | D:5      | Reached skill level 5 in Conjurations
  5628 | D:5      | Noticed Grinder
  5638 | D:5      | Paralysed by Grinder for 3 turns
  5650 | D:5      | Paralysed by Grinder for 4 turns
  5667 | D:5      | Killed Grinder
  6030 | D:5      | Killed a freed slave
  6064 | D:5      | Found a sacrificial altar of Ru.
  6219 | D:5      | Killed a freed slave
  6661 | D:6      | Reached skill level 9 in Spellcasting
  6766 | D:6      | Reached XP level 9. HP: 32/45 MP: 10/29
  6949 | D:6      | Reached skill level 1 in Invocations
  7101 | D:6      | Noticed Duvessa
  7103 | D:6      | Noticed Dowan
  7104 | D:6      | Noticed Blork the orc
  7116 | D:6      | Killed Duvessa
  7118 | D:6      | Killed Blork the orc
  7236 | D:6      | Killed Dowan
  7236 | D:6      | Reached skill level 1 in Charms
  7935 | D:6      | Reached skill level 5 in Fire Magic
  8202 | D:7      | Reached skill level 1 in Fighting
  8497 | D:7      | Reached skill level 1 in Evocations
  8818 | D:7      | Learned a level 4 spell: Petrify
  9004 | D:7      | Acquired Sif Muna's third power
  9007 | D:7      | Reached skill level 1 in Earth Magic
  9345 | D:7      | Reached skill level 1 in Transmutations
  9451 | D:7      | Found a staircase to the Ecumenical Temple.
  9461 | Temple   | Entered the Ecumenical Temple
  9819 | D:8      | Noticed a steam dragon
  9827 | D:8      | Killed a steam dragon
  9869 | D:8      | Noticed a steam dragon
  9872 | D:8      | Killed a steam dragon
  9936 | D:8      | Found a staircase to the Lair.
 10084 | D:8      | Noticed Grum
 10092 | D:8      | Killed Grum
 10094 | D:8      | Reached XP level 10. HP: 29/52 MP: 14/31
 10102 | D:8      | Reached skill level 10 in Spellcasting
 10733 | D:8      | Noticed Psyche
 10746 | D:8      | Killed Psyche
 11377 | D:8      | Found a basalt altar of Yredelemnul.
 11472 | D:8      | Reached skill level 5 in Invocations
 12129 | D:8      | Noticed Maurice
 12138 | D:8      | Killed Maurice
 13547 | Lair:1   | Entered Level 1 of the Lair of Beasts
 13547 | Lair:1   | Noticed Joseph
 13593 | Lair:1   | Killed Joseph
 13714 | Lair:1   | Reached XP level 11. HP: 57/57 MP: 20/32
 14275 | Lair:2   | Noticed a four-headed hydra
 14283 | Lair:2   | HP: 1/58 [four-headed hydra (2)]
 14283 | Lair:2   | Slain by a four-headed hydra

Action                   |  1- 3 |  4- 6 |  7- 9 | 10-12 || total
-------------------------+-------+-------+-------+-------++-------
Melee: Dagger            |       |    10 |    34 |    26 ||    70
       Staff             |       |       |       |    53 ||    53
 Cast: Magic Dart        |    84 |   213 |   338 |   334 ||   969
       Call Imp          |     2 |     2 |       |       ||     4
       Repel Missiles    |     1 |     1 |     1 |     1 ||     4
       Mephitic Cloud    |       |    14 |    21 |    19 ||    54
       Blink             |       |     5 |    15 |     6 ||    26
       Conjure Flame     |       |     4 |    39 |    45 ||    88
  Use: Scroll            |     3 |     5 |     7 |     2 ||    17
       Potion            |       |     1 |       |       ||     1
 Stab: Confused          |       |       |     2 |     3 ||     5
       Distracted        |       |       |       |     1 ||     1
       Sleeping          |       |       |       |     1 ||     1
  Eat: Chunk             |     3 |    10 |    15 |    12 ||    40
       Fruit             |       |       |       |     1 ||     1
